 Dungeon Crawl Stone Soup version bcrawl-1.14 (webtiles) character file.

Game seed: 16771077841191024844

50 BRANGAR the Sneak (level 4, 0/48 HPs)
             Began as a Human Archaeologist on Sept 6, 2019.
             Slain by Sigmund
             ... wielding a +0 scythe
              (7 damage)
             ... on level 2 of the Dungeon on Sept 7, 2019.
             The game lasted 00:05:16 (1212 turns).

BRANGAR the Sneak (Human Archaeologist)             Turns: 1212, Time: 00:05:17

Health: 0/48       AC: 22    Str: 11    XL:     4   Next: 4%
Magic:  4/4        EV:  2    Int: 14    God:
Gold:   13         SH:  0    Dex: 13    Spells: 3/3 levels left

rFire    . . .     SeeInvis .   m - +4 whip
rCold    . . .     Gourm    .   (no shield)
rNeg     + + +     Faith    .   (armour currently unavailable)
rPois    +         Spirit   .   (helmet currently unavailable)
rElec    .         Reflect  .   (cloak currently unavailable)
rCorr    .         Harm     .   (gloves currently unavailable)
MR       .....     NoTele   +   (boots currently unavailable)
Stlth    +++.......             j - amulet of regeneration
HPRegen  0.56/turn              (no ring)
MPRegen  0.09/turn              (no ring)

@: tree-form, studying Armour
A: no striking features
a: no special abilities


You were on level 2 of the Dungeon.
You were not hungry.
You were a tree.
You visited 1 branch of the dungeon, and saw 2 of its levels.

You collected 13 gold pieces.

Inventory:

Hand Weapons
 a - a +0 whip
 m - a +4 whip (weapon)
Missiles
 h - 41 curare-tipped needles
Armour
 b - a +1 robe (melded)
 c - a +1 hat (melded)
 d - a +1 pair of boots (melded)
Jewellery
 j - an amulet of regeneration (around neck)
Scrolls
 k - a scroll of teleportation {unknown}
Potions
 i - a potion of lignification
 l - a potion of curing {unknown}
Books
 e - a manual of Armour
Miscellaneous
 f - an ancient crate
Comestibles
 g - 3 rations {!d}


   Skills:
 + Level 1.1 Fighting
 + Level 2.2 Maces & Flails
 + Level 4.1 Dodging
 + Level 4.2 Stealth


You had 3 spell levels left.
You didn't know any spells.
Your spell library was empty.

Dungeon Overview and Level Annotations

Branches:
Dungeon (2/12)

Altars:
Ashenzari

Annotations:
D:2 Sigmund


Message History

You hear some strange, mumbled words.
A magic dart appears from out of thin air!
The magic dart hits you!
You miss something. Something hits you.
You barely miss something. Something hits you!
* * * LOW HITPOINT WARNING * * *
You hit something but do no damage.
It was a potion of lignification.
You turn into a tree.
Your +1 hat melds into your body.
Your +1 pair of boots melds into your body.
Your +1 robe melds into your body.
Your roots penetrate the ground.
Something hits you but does no damage.
You barely miss something. Something hits you.
* * * LOW HITPOINT WARNING * * *
You closely miss something.
Sigmund appears from thin air!
Reactivating autopickup.
You barely miss Sigmund.
Sigmund is moderately wounded.
Sigmund hits you with a +0 scythe!
You die...

.# #............# .#
#............#
.###############............#
...............#)...........#
##############....#########.#
# ######.#.####### #.# #
#........#.....# #.# #
#)#####@.......# #.# . ....
#♣.......###.### . ....###
#..............# . ###..
#............#.# #..
#.......)#####.# ...
#.#...##.# #.# ....
......##.## #.# ..........#
#.# ..........# #.#
..........^####.#


You could see Sigmund.

Vanquished Creatures
  An adder (D:2)
  A worm (D:2)
  A leopard gecko (D:1)
  A giant cockroach (D:1)
  4 goblins
  4 hobgoblins
  8 jackals (D:1)
  4 kobolds
  A quokka (D:1)
  2 ball pythons (D:1)
  A bat (D:1)
  A frilled lizard (D:1)
  3 rats (D:1)
32 creatures vanquished.

Notes
Turn   | Place    | Note
-------+----------+-------------------------------------------
     0 | D:1      | BRANGAR the Human Archaeologist began the quest for the
                  | Orb.
     0 | D:1      | Reached XP level 1. HP: 15/15 MP: 1/1
   365 | D:1      | Found a shattered altar of Ashenzari.
   424 | D:1      | Reached XP level 2. HP: 21/21 MP: 2/2
   644 | D:1      | Reached XP level 3. HP: 26/26 MP: 3/3
  1147 | D:2      | Reached XP level 4. HP: 32/32 MP: 4/4
  1170 | D:2      | Noticed Sigmund
  1212 | D:2      | Slain by Sigmund

Skill      XL: |  1  2  3 |
---------------+----------+-----
Stealth        | 4 |  4.2
Dodging        | 4 |  4.1
Maces & Flails | 2 |  2.2
Fighting       | |  1.1

Action                   |  1- 3 |  4- 6 || total
-------------------------+-------+-------++-------
Melee: Whip              |   156 |    15 ||   171
  Use: Scroll            |     1 |       ||     1
       Potion            |       |     1 ||     1
 Stab: Sleeping          |     8 |       ||     8
  Eat: Ration            |     1 |       ||     1
Armor: Robe              |    51 |     2 ||    53
       Skin              |       |     1 ||     1
Dodge: Dodged            |   122 |    10 ||   132
